 Dungeon Sprint DCSS version 0.21.1-1-g345015f (webtiles) character file.

0 Psiloshibe the Skirmisher (level 3, 0/49 HPs)
             Began as a Barachi Berserker on June 24, 2018.
             Was a Follower of Trog.
             Succumbed to a worker ant's poison
             ... in the Dungeon (Sprint VI: "Thunderdome").
             The game lasted 00:00:52 (50 turns).

Psiloshibe the Skirmisher (Barachi Berserker)         Turns: 50, Time: 00:00:52

Health: 0/49       AC:  2    Str: 36    XL:     3   Next: 12%
Magic:  3/3        EV: 13    Int: 10    God:    Trog [*.....]
Gold:   20         SH:  0    Dex: 11    Spells: 2/2 levels left

rFire    . . .     SeeInvis +   a - +0 falchion
rCold    . . .     Gourm    .   (no shield)
rNeg     . . .     Faith    .   b - +0 animal skin
rPois    .         Spirit   .   (no helmet)
rElec    .         Reflect  .   (no cloak)
rCorr    .         Harm     .   (no gloves)
MR       +....     NoTele   +   (no boots)
Stlth    ..........             n - amulet "Wubakher" {+Rage Str+6}
HPRegen  0.16/turn              o - ring of Ihouqex {Str+3 SInv Stlth+}
MPRegen  0.08/turn              q - ring "Wewkuc" {MR+ Str+3 Int+3 Stlth-}

@: berserking, lethally poisoned (0 -> -18), quick
A: +LOS, swims, slowness 1, strong legs 1
a: Hop, Berserk, Burn Spellbooks, Renounce Religion, Evoke Berserk Rage


You were in the Dungeon.
You worshipped Trog.
Trog was aware of your devotion.
You were not hungry.

You visited 1 branch You collected 200 gold pieces.
You spent 180 gold pieces at shops.

Inventory:

Hand Weapons
 a - a +0 falchion (weapon)
Armour
 b - a +0 animal skin (worn)
Jewellery
 n - the amulet "Wubakher" (around neck) {+Rage Str+6}
   (You bought it in a shop in the Dungeon)

   [amulet of rage]

   It affects your strength (+6).
   It lets you go berserk.
 o - the ring of Ihouqex (left hand) {Str+3 SInv Stlth+}
   (You bought it in a shop in the Dungeon)

   [ring of stealth]

   It affects your strength (+3).
   It lets you see invisible.
   It makes you more stealthy.
 q - the ring "Wewkuc" (right hand) {MR+ Str+3 Int+3 Stlth-}
   (You bought it in a shop in the Dungeon)

   [ring of loudness]

   It affects your strength (+3).
   It affects your intelligence (+3).
   It affects your resistance to hostile enchantments.
   It makes you less stealthy.
Wands
 k - a wand of acid (5)
 l - a wand of iceblast (5)
Scrolls
 i - 4 scrolls of blinking
 m - 3 scrolls of fog
Potions
 d - a potion of curing
 e - 3 potions of heal wounds
 f - 4 potions of haste
 g - 2 potions of magic
 h - a potion of berserk rage
 j - a potion of resistance
Comestibles
 c - a ration


   Skills:
 + Level 5.3 Fighting
 + Level 5.2 Long Blades
 * Level 2.3 Throwing
 + Level 3.1 Armour
 + Level 3.0 Dodging


You had 2 spell levels left.
You didn't know any spells.

Dungeon Overview and Level Annotations

Branches:
Dungeon (1/1)

Altars:
Dithmenos
Kikubaaqudgha
Makhleb
Okawaru
Qazlal
Ru
Trog
Uskayaw
Vehumet
Wu Jian
Zin
Beogh

Shops:
D *[%?


Innate Abilities, Weirdness & Mutations

Shadows flee at your approach. (+LOS)
You can swim through water.
You cover ground slowly.
You can hop short distances.


Message History

You kill the worker ant!
Trog accepts your kill.
Your Fighting skill increases to level 5!
Your Long Blades skill increases to level 5!
Your Throwing skill gained 2 levels and is now at level 2!
Your Armour skill increases to level 3!
Your Dodging skill increases to level 3!
You have reached level 2!
You have reached level 3!
Your experience leads to an increase in your attributes!
Your base attributes are Str 18, Int 7, Dex 11.
Increase (S)trength, (I)ntelligence, or (D)exterity?
You feel stronger.
* * * LOW HITPOINT WARNING * * *
You feel sick.
You are too berserk!
* * * LOW HITPOINT WARNING * * *
You feel sick.
You feel a strong urge to attack something.
You die...

#_......._ #_......._
#........_#
###.........###
#⌠...........⌠#
######.8.........8.##
##∩___......# ......
###∩........8.# .8....
#..=.......@..###......
#§..........###...#
#⌠..........# #.<.#
#⌠..........# #...#
##.............###...
###∩........8.# .8....
##∩___......# ......
######.8..... ...8.##
#⌠...... ....⌠#


There were no monsters in sight!

Vanquished Creatures
  A worker ant (D)
  A leopard gecko (D)
2 creatures vanquished.

Notes
Turn   | Place    | Note
-------+----------+-------------------------------------------
     0 | D        | Psiloshibe the Barachi Berserker began the quest for the Orb.
     0 | D        | Reached XP level 1. HP: 18/18 MP: 1/1
     0 | D        | Found a stormy altar of Qazlal.
     3 | D        | Found a hide-covered altar of Uskayaw.
     4 | D        | Found a radiant altar of Vehumet.
     4 | D        | Found a glowing silver altar of Zin.
     4 | D        | Found an ancient bone altar of Kikubaaqudgha.
     5 | D        | Found a shadowy altar of Dithmenos.
     5 | D        | Found a burning altar of Makhleb.
     5 | D        | Round 1.
     6 | D        | Found Niunnax's Delicious Food.
     6 | D        | Found a roughly hewn altar of Beogh.
     6 | D        | Found Vaeca's Identification Station.
     6 | D        | Found a sacrificial altar of Ru.
     7 | D        | Found Aleps's Jewellery.
     7 | D        | Found Cibiseid's Advanced Armour.
     7 | D        | Found an ornate altar of the Wu Jian Council.
     7 | D        | Found an iron altar of Okawaru.
     7 | D        | Found a bloodstained altar of Trog.
    23 | D        | Bought a fine crystal amulet for 45 gold pieces
    23 | D        | Bought a slimy turquoise ring for 45 gold pieces
    23 | D        | Bought a scorched copper ring for 45 gold pieces
    23 | D        | Identified the amulet "Wubakher" {+Rage Str+6} (You bought it in a shop in the Dungeon)
    24 | D        | Identified the ring of Ihouqex {Str+3 SInv Stlth+} (You bought it in a shop in the Dungeon)
    25 | D        | Identified the ring of False Pretenses {Int+5 Dex+3 Stlth-} (You bought it in a shop in the Dungeon)
    27 | D        | Bought a scintillating bone ring for 45 gold pieces
    27 | D        | Identified the ring "Wewkuc" {MR+ Str+3 Int+3 Stlth-} (You bought it in a shop in the Dungeon)
    32 | D        | Noticed a worker ant
    48 | D        | Killed a worker ant
    48 | D        | Reached skill level 5 in Fighting
    48 | D        | Reached skill level 5 in Long Blades
    48 | D        | Reached XP level 2. HP: 2/27 MP: 2/2
    48 | D        | Reached XP level 3. HP: 3/33 MP: 3/3
    48 | D        | HP: 2/49 [poisoned by a worker ant]
    50 | D        | Succumbed to a worker ant's poison

Skill      XL: |  1 |
---------------+----+-----
Fighting       | 5 |  5.3
Long Blades    | 5 |  5.2
Throwing       | 2 |  2.3
Armour         | 3 |  3.1
Dodging        | 3 |  3.0

Action                   || total
-------------------------++-------
Melee: Falchion          ||    15
Invok: Berserk           ||     1
  Use: Potion            ||     1
Armor: Animal skin       ||     2
Dodge: Dodged            ||     9
       Rpst.: Falchion   ||     1
